 Dungeon Crawl Stone Soup version 0.25.1-2-g60ff931df9 (webtiles) character file.

Game seed: 5739955503477937438

110 DogServant the Ruffian (level 4, -8/36 HPs)
             Began as a Draconian Transmuter on Nov 10, 2020.
             Shot with an arrow by a centaur (9 damage)
             ... on level 3 of the Dungeon.
             The game lasted 00:02:26 (2242 turns).

DogServant the Ruffian (Draconian Transmuter)       Turns: 2242, Time: 00:02:26

Health: -8/36      AC:  2    Str: 13    XL:     4   Next: 61%
Magic:  1/7        EV: 19    Int: 13    God:
Gold:   203        SH:  0    Dex: 17    Spells: 1/7 levels left

rFire    . . .     SeeInvis +     - Unarmed
rCold    . . .     Gourm    .   (shield currently unavailable)
rNeg     . . .     Faith    .   (armour unavailable)
rPois    x         Spirit   .   (helmet currently unavailable)
rElec    .         Reflect  .   (cloak currently unavailable)
rCorr    .         Harm     .   (gloves currently unavailable)
MR       .....                  (boots currently unavailable)
Stlth    ++........             (no amulet)
HPRegen  0.12/turn              (no ring)
MPRegen  0.10/turn              l - ring of see invisible

@: lethally poisoned (-8 -> -10), spider-form, very slightly contaminated,
hasted, very quick
A: tiny, unfitting armour, AC +5
a: End Transformation


You were on level 3 of the Dungeon.
You were not hungry.
You were a venomous arachnid creature.
You visited 1 branch of the dungeon, and saw 3 of its levels.

You collected 203 gold pieces.

Inventory:

Missiles
 a - 12 arrows
Armour
 d - a +0 pair of boots (melded)
 n - a +0 pair of gloves (melded)
Jewellery
 l - a ring of see invisible (right front leg)
Scrolls
 b - a scroll of random uselessness {unknown}
 g - a scroll of enchant weapon {unknown}
 h - 2 scrolls of blinking {unknown}
 i - 4 scrolls of identify {unknown}
 k - a scroll of enchant armour {unknown}
 o - a scroll of immolation {unknown}
Potions
 f - 2 potions of curing {unknown}
 m - a potion of cancellation {unknown}
Comestibles
 c - 3 rations


   Skills:
 - Level 2.0 Fighting
 - Level 2.0 Dodging
 + Level 4.2 Unarmed Combat
 - Level 2.1 Spellcasting
 + Level 3.3 Transmutations


You had one spell level left.
You knew the following spells:

 Your Spells              Type           Power        Failure   Level  Hunger
a - Beastly Appendage     Tmut           #.....       17%         1    ##.....
b - Sticks to Snakes      Tmut           #.......     24%         2    ###....
c - Spider Form           Tmut/Pois      #.........   58%         3    ####...

Your spell library contained the following spells:

 Spells                   Type           Power        Failure   Level  Hunger
 Ice Form                 Ice/Tmut       #.......     90%         4    #####..
 Blade Hands              Tmut           #.........   96%         5    ######.


Dungeon Overview and Level Annotations

Branches:
Dungeon (3/15)

Altars:
Zin

Shops:
D:2 *

Annotations:
D:3 exclusion: door


Innate Abilities, Weirdness & Mutations

((Your plain brown scales are hard. (AC +5)))
You cannot fit into any form of body armour.
((You are cold-blooded and may be slowed by cold attacks.))


Message History

A kobold comes into view. It is wielding a +0 dagger of pain.
The kobold shouts!
You hear a shout!
You feel sick.
The centaur shoots an arrow.
The arrow closely misses you.
Found a robe.
Found a stone staircase leading down.
Casting: Spider Form (quite dangerous; 36% risk of failure)
Confirm with . or Enter, or press ? or * to list all spells.
The spell is quite dangerous to cast (36% risk of failure)!
Continue anyway?
You turn into a venomous arachnid creature.
Your +0 pair of gloves melds into your body.
Your +0 pair of boots melds into your body.
The centaur shoots an arrow.
The arrow hits you!
* * * LOW HITPOINT WARNING * * *
The kobold throws a stone.
The stone barely misses you.
Unknown command.
It was a potion of haste.
You feel yourself speed up.
* * * LOW HITPOINT WARNING * * *
You feel sick.
The centaur shoots an arrow.
The arrow closely misses you.
The kobold throws a stone.
The stone misses you.
The centaur shoots an arrow.
The arrow hits you!
You die...

..... #.......... ....#
......#......######.....
......+..c......(.....#
......#......###((....#
..... #.......c.......#
.... #...รท..##(####....
#?# ##.#....#.# ... #
#.#<.#.#.#####...
#.####.#(s....... #..
.#.....K... ##
##......... ...(.....[
###........ ####....>
###.. ..


You could see a centaur and a kobold.

Vanquished Creatures
  Jessica (D:2)
  An adder (D:2)
  An ooze (D:1)
  2 worms (D:2)
  2 dart slugs
  2 leopard geckos
  3 ball pythons
  6 bats
  7 giant cockroaches
  8 goblins
  4 hobgoblins
  3 jackals (D:2)
  7 kobolds
  A quokka (D:2)
  3 frilled lizards
  4 rats
55 creatures vanquished.

Notes
Turn   | Place    | Note
-------+----------+-------------------------------------------
     0 | D:1      | DogServant the Draconian Transmuter began the quest for the
                  | Orb.
     0 | D:1      | Reached XP level 1. HP: 16/16 MP: 3/3
   104 | D:1      | Reached XP level 2. HP: 17/23 MP: 3/5
   633 | D:1      | Reached XP level 3. HP: 27/28 MP: 4/6
  1084 | D:2      | Found Zin's Purification Station.
  1093 | D:2      | Found a glowing silver altar of Zin.
  1314 | D:2      | Learned a level 2 spell: Sticks to Snakes
  1318 | D:2      | Learned a level 3 spell: Spider Form
  1486 | D:2      | Noticed Jessica
  1491 | D:2      | Reached XP level 4. HP: 28/36 MP: 5/7
  1510 | D:2      | Killed Jessica
  1510 | D:2      | Reached skill level 4 in Unarmed Combat
  2222 | D:3      | Noticed a centaur
  2242 | D:3      | HP: 1/36 [poisoned by miscasting Spider Form]
  2242 | D:3      | Shot with an arrow by a centaur

Illustrated notes

Levels and vault maps discovered:
D:1:      erik_arrival_orb_chamber, layout_basic, hangedman_decor_peaks_small
D:2:      layout_loops_ring, zin_purify, uniq_jessica
D:3:      layout_basic, lemuel_coloured_pillars_altar, uniq_terence, uniq_robin,
          uniq_crazy_yiuf_cottage

Skill      XL: |  1  2  3  4 |
---------------+-------------+-----
Dodging        | 2 |  2.0
Fighting       | 2 |  2.0
Unarmed Combat | 4 |  4.2
Transmutations | 3 |  3.3
Spellcasting   | |  2.1

Action                   |  1- 3 |  4- 6 || total
-------------------------+-------+-------++-------
Melee: Unarmed           |   138 |    41 ||   179
       Tailslap          |    14 |     4 ||    18
       Kick              |     4 |       ||     4
       Headbutt          |    10 |     7 ||    17
       Punch             |       |     1 ||     1
 Cast: Beastly Appendage |    16 |    10 ||    26
       Spider Form       |       |     1 ||     1
  Use: Potion            |       |     1 ||     1
  Eat: Chunk             |     2 |     3 ||     5
Armor: Skin              |    55 |    35 ||    90
Dodge: Dodged            |    99 |    49 ||   148
